AoeStats
← TodoCode

Arena

509997682Analyzed
4v4 RM · 4d ago on Sep 29, 2026· 69m 2s· 8 players
Game mode
Random Map
Map size
Large (8 player)
Population
200
Speed
Normal
Resources
Standard
Victory
Conquest
Starting age
Dark Age
Ending age
Imperial Age
RankedLock teamsTeams togetherTeam positionsShared explorationLock speedFull tech treeHidden civsTurbo modeCheats
Victory
Defeat
🇦🇺 Portuguese · Australia
1134
+18
🇭🇰 Wei · Hong Kong SAR China
1099
+19
🇲🇽 Byzantines · Mexico
1073
+20
🇪🇸 Huns · Spain
1018
+22
🇦🇷 Portuguese · Argentina
1281
-23
🇦🇷 Britons · Argentina
1224
-22
🇦🇷 Varangians · Argentina
1178
-20
🇦🇷 Cumans · Argentina
1011
-39
Frank9112750
12:12 Feudal Age
17:17 Castle Age
15:18 Horse Collar
15:45 Double-Bit Axe
17:04 Forging
17:27 Gold Mining
18:22 Heavy Plow
20:13 Marauders
23:01 Scale Barding Armor
23:33 Iron Casting
25:21 Bloodlines
25:24 Husbandry
26:12 Chain Barding Armor
32:57 Wheelbarrow
37:17 Imperial Age
35:10 Bow Saw
36:26 Masonry
37:18 Elite Tarkan
39:03 Chemistry
38:53 Conscription
41:12 Plate Barding Armor
42:02 Gold Shaft Mining
45:06 Blast Furnace
57:03 Caravan
65:12 Fletching
70:41 Two-Man Saw
Gauss
10:11 Feudal Age
10:48 Double-Bit Axe
10:46 Horse Collar
13:00 Gold Mining
16:23 Loom
17:11 Stone Mining
25:11 Castle Age
26:07 Fletching
26:41 Murder Holes
28:48 Treadmill Crane
34:29 Town Watch
38:39 Wheelbarrow
38:54 Fortified Wall
39:08 Heavy Plow
40:17 Bodkin Arrow
42:06 Padded Archer Armor
44:38 Imperial Age
42:33 Scale Barding Armor
42:30 Tuntian
44:20 Chain Barding Armor
45:40 Hand Cart
45:30 Town Patrol
46:09 Leather Archer Armor
47:41 Chemistry
47:03 Ballistics
47:44 Chemistry
47:19 Parthian Tactics
47:20 Conscription
47:40 Thumb Ring
49:09 Ming Guang Armor
52:30 Elite Skirmisher
55:52 Bracer
56:22 Ring Archer Armor
65:03 Light Cavalry
65:44 Husbandry
67:33 Masonry
67:41 Bloodlines
garoumarcos
3:21 Loom
10:40 Feudal Age
14:45 Castle Age
13:30 Double-Bit Axe
13:27 Horse Collar
15:08 Wheelbarrow
15:54 Bow Saw
15:59 Heavy Plow
23:33 Stone Mining
29:34 Imperial Age
28:34 Stone Shaft Mining
27:53 Gold Mining
30:10 Gold Shaft Mining
29:44 Scale Barding Armor
29:50 Forging
30:48 Conscription
31:35 Two-Man Saw
32:01 Heavy Camel Rider
32:43 Husbandry
33:47 Chain Barding Armor
34:02 Iron Casting
36:52 Plate Barding Armor
37:17 Hand Cart
37:48 Guilds
38:32 Elite Cataphract
39:56 Logistica
45:30 Light Cavalry
46:53 Crop Rotation
53:33 Fletching
55:41 Bodkin Arrow
58:43 Hoardings
58:15 Bracer
Bread
11:27 Feudal Age
15:20 Castle Age
13:39 Double-Bit Axe
14:20 Horse Collar
19:36 Gold Mining
21:04 Bow Saw
21:11 Heavy Plow
22:49 Wheelbarrow
22:22 Husbandry
28:06 Imperial Age
26:41 Scale Barding Armor
26:47 Forging
26:51 Masonry
28:01 Hand Cart
27:33 Town Watch
28:22 Bloodlines
28:49 Iron Casting
28:41 Cavalier
31:48 Stone Mining
33:03 Chemistry
34:20 Bombard Tower
35:02 Chain Barding Armor
35:46 Two-Man Saw
36:52 Architecture
36:30 Siege Engineers
36:17 Fletching
37:05 Treadmill Crane
38:03 Plate Barding Armor
37:28 Bodkin Arrow
38:34 Blast Furnace
39:31 Ballistics
40:36 Careening
40:41 Fortified Wall
40:30 Murder Holes
40:37 Bracer
44:35 Arquebus
45:17 Light Cavalry
57:19 Elite Skirmisher
58:05 Thumb Ring
Trintineo
5:21 Loom
10:46 Feudal Age
14:47 Castle Age
12:52 Double-Bit Axe
13:33 Fletching
14:38 Stone Mining
19:37 Padded Archer Armor
21:43 Ballistics
22:27 Gold Mining
22:24 Horse Collar
24:46 Heavy Plow
26:25 Bow Saw
28:49 Wheelbarrow
28:20 Pikeman
29:51 Leather Archer Armor
30:18 Bodkin Arrow
31:15 Scale Mail Armor
31:26 Forging
34:44 Imperial Age
33:13 Chain Mail Armor
33:33 Iron Casting
33:02 Squires
34:00 Gambesons
34:01 Arson
34:59 Iron Casting
36:30 Hand Cart
37:17 Yeomen
37:23 Yeomen
37:09 Bracer
38:35 Gold Shaft Mining
39:02 Two-Man Saw
38:08 Onager
39:25 Murder Holes
39:21 Heated Shot
42:19 Chemistry
42:53 Ring Archer Armor
41:47 Halberdier
45:13 Plate Mail Armor
46:47 Blast Furnace
54:14 Treadmill Crane
54:45 Masonry
mati.raffo137
11:19 Feudal Age
15:56 Castle Age
14:17 Double-Bit Axe
14:59 Horse Collar
15:54 Forging
17:30 Wheelbarrow
20:16 Hand Cart
19:56 Town Watch
21:36 Gold Mining
22:13 Town Patrol
23:39 Iron Casting
23:11 Scale Barding Armor
24:18 Bloodlines
26:31 Chain Barding Armor
30:30 Stone Mining
34:49 Imperial Age
34:11 Loom
34:58 Elite Steppe Lancer
36:07 Heavy Plow
36:19 Bow Saw
36:24 Capped Ram
38:30 Blast Furnace
38:49 Steppe Husbandry
40:38 Siege Ram
43:36 Plate Barding Armor
TodoCode
9:58 Feudal Age
14:00 Castle Age
12:11 Double-Bit Axe
12:51 Horse Collar
15:46 Bow Saw
19:36 Scale Barding Armor
22:07 Bloodlines
23:19 Chain Barding Armor
24:04 Forging
24:02 Husbandry
26:20 Iron Casting
27:38 Wheelbarrow
31:06 Stone Mining
31:07 Gold Mining
34:40 Imperial Age
31:56 Loom
32:26 Hand Cart
31:57 Town Watch
33:11 Stone Shaft Mining
33:35 Scale Mail Armor
33:39 Heavy Plow
33:58 Squires
33:45 Gambesons
33:46 Arson
34:22 Chain Mail Armor
35:54 Plate Mail Armor
36:25 Blast Furnace
34:52 Cavalier
35:17 Elite Varangian Guard
38:12 Conscription
39:27 Gothikon
39:52 Light Cavalry
41:09 Coinage
42:46 Plate Barding Armor
42:02 Fletching
42:47 Banking
42:18 Caravan
42:54 Pikeman
44:51 Treadmill Crane
45:32 Ballistics
46:12 Chemistry
45:23 Masonry
45:36 Bodkin Arrow
45:27 Vendel Legacy
46:31 Siege Engineers
47:01 Murder Holes
49:02 Halberdier
53:29 Padded Archer Armor
53:29 Bracer
54:27 Leather Archer Armor
53:45 Elite Jarl
61:23 Ring Archer Armor
62:00 Elite Skirmisher
64:24 Masonry
64:22 Crossbowman
JRR
11:49 Feudal Age
12:53 Loom
16:06 Castle Age
14:08 Stone Mining
16:02 Fletching
17:13 Bodkin Arrow
21:49 Double-Bit Axe
22:09 Gold Mining
23:47 Horse Collar
32:17 Imperial Age
38:34 Crossbowman
39:33 Thumb Ring
39:36 Arbalester
42:07 Ballistics
43:37 Chemistry
43:35 Padded Archer Armor
43:39 Bracer
45:00 Forging
44:50 Scale Mail Armor
44:55 Pikeman
47:21 Iron Casting
47:01 Chain Mail Armor
50:56 Gambesons
51:15 Padded Archer Armor
53:48 Leather Archer Armor
Connection lost

Rejoining the realm…

Still unreachable

The connection could not be restored.

Session expired

The server has moved on; the page needs a fresh start.